 Dungeon Crawl Stone Soup version 0.20.1-1-g8b1a95d (webtiles) character file.

168 homeworkjunkie the Chopper (level 5, 0/47 HPs)
             Began as a Hill Orc Fighter on Nov 27, 2017.
             Killed from afar by Natasha (10 damage)
             ... with a wand of flame (?/48)
             ... on level 3 of the Dungeon.
             The game lasted 00:02:34 (1758 turns).

homeworkjunkie the Chopper (Hill Orc Fighter)       Turns: 1758, Time: 00:02:34

Health: 0/47       AC: 10    Str: 20    XL:     5   Next: 48%
Magic:  5/5        EV:  5    Int:  8    God:
Gold:   97         SH:  9    Dex: 10    Spells: 4/4 levels left

rFire    . . .     SeeInvis .   a - +0 war axe
rCold    . . .     Gourm    .   c - +0 shield
rNeg     . . .     Faith    .   q - +0 chain mail
rPois    +         Spirit   .   d - +0 helmet
rElec    .         Reflect  .   (no cloak)
rCorr    .         Harm     .   (no gloves)
MR       .....                  (no boots)
Stlth    ..........             (no amulet)
Regen    0.2/turn               j - ring of poison resistance
MPRegen  0.1/turn               (no ring)

@: slowed, very slow
A: no striking features
a: no special abilities


You were on level 3 of the Dungeon.
You were hungry.

You visited 1 branch of the dungeon, and saw 4 of its levels.

You collected 97 gold pieces.

Inventory:

Hand Weapons
 a - a +0 war axe (weapon)
Armour
 c - a +0 shield (worn)
 d - a +0 helmet (worn)
 q - a +0 chain mail (worn)
Jewellery
 j - a ring of poison resistance (left hand)
Scrolls
 e - 2 scrolls of identify {unknown}
 g - 2 scrolls of remove curse
 h - a scroll of fog {unknown}
 m - a scroll of teleportation {unknown}
Potions
 b - a potion of berserk rage {unknown}
 i - a potion of mutation {unknown}
 k - a potion of heal wounds {unknown}
 l - a potion of curing {unknown}
 n - 3 potions of degeneration {unknown}
 o - a potion of cancellation {unknown}
 p - a potion of ambrosia {unknown}
Comestibles
 f - 2 bread rations


   Skills:
 * Level 4.6 Fighting
 * Level 5.0 Axes
 * Level 4.1 Armour
 + Level 0.4 Dodging
 * Level 3.8 Shields


You had 4 spell levels left.
You didn't know any spells.

Dungeon Overview and Level Annotations

Branches:
Dungeon (4/15)
 Temple: D:4-7

Altars:

Annotations:
D:3 Natasha


Message History

You are too injured to fight recklessly!
You are too injured to fight recklessly!
You are too injured to fight recklessly!
Your shield and chain mail prevent you from hitting Natasha.
Natasha is heavily wounded.
Natasha claws you.
* * * LOW HITPOINT WARNING * * *
Natasha casts a spell at you. You resist with some effort.
You closely miss Natasha.
Natasha is heavily wounded.
You block Natasha's attack. Natasha claws you but does no damage.
Your chain mail prevents you from hitting Natasha.
Natasha is heavily wounded.
Natasha zaps a wand.
The puff of flame hits you! Natasha claws you.
* * * LOW HITPOINT WARNING * * *
You hit Natasha.
Natasha is heavily wounded.
Natasha zaps a wand.
The puff of flame hits you!
You die...

.## .#####...#####.###... .#
.....#.#.#.#.#.#.#.#.#.# ..
....#.#.#.#.#.#.#.#.#.#.
##.#.#.#.#.#.#.#.#.#.#.#
##########.#.#.#.#.#.#.#.#.#.#.#.
............#.#.#.#.#.#.#.#.#.#.#
...........#.#.#.#.#.#.#.#.#.#.#.
............#.#h#.#.#.#.#.#.#.#.#
...............#@#.#.#.#.#.#.#.#.
[.............#.#.#.#.#.#.#.#.#.#
...............#.#.#.#.#.#.#.#.#.
.)............#.#.#.#.#.#.#.#.#.#
..........)....#.#.#.#.#.#.#.#.#.
............#.#.#.#.#.#.#.#.#.#.#
...........#.#.#.#.#.#.#.#.#.#.#.
###########.#.#.#.#.#.#.#.#)#.#.#
#.#.#.#.#.#.#.#.#.#.#.#.


You could see Natasha.

Vanquished Creatures
  Ijyb (D:3)
  Natasha (D:3)
  Robin (D:1)
  4 adders
  2 oozes
  4 worms
  2 dart slugs (D:2)
  An orc (D:3)
  A giant cockroach (D:2)
  10 goblins
  4 hobgoblins
  5 kobolds
  2 ball pythons (D:2)
  5 bats
  6 frilled lizards
  A leopard gecko skeleton (D:4)
  3 rats
53 creatures vanquished.

Notes
Turn   | Place    | Note
-------+----------+-------------------------------------------
     0 | D:1      | homeworkjunkie the Hill Orc Fighter began the quest for the Orb.
     0 | D:1      | Reached XP level 1. HP: 19/19 MP: 1/1
   103 | D:2      | Noticed Robin
   113 | D:1      | HP: 1/20 [goblin[Robin] (2)]
   114 | D:1      | Reached skill level 3 in Axes
   114 | D:1      | Reached XP level 2. HP: 1/27 MP: 2/2
   116 | D:1      | Killed Robin
   501 | D:2      | Reached XP level 3. HP: 24/33 MP: 3/3
   853 | D:2      | Reached XP level 4. HP: 14/40 MP: 4/4
  1115 | D:2      | Reached skill level 4 in Axes
  1229 | D:3      | Noticed Natasha
  1239 | D:3      | Killed Natasha
  1418 | D:3      | Noticed Ijyb
  1449 | D:3      | Killed Ijyb
  1449 | D:3      | Reached XP level 5. HP: 44/47 MP: 5/5
  1598 | D:3      | Reached skill level 5 in Axes
  1748 | D:3      | Noticed Natasha
  1758 | D:3      | Killed from afar by Natasha

Skill      XL: |  1  2  3  4  5 |
---------------+----------------+-----
Axes           | 3 4 5 |  5.0
Fighting       | 4 |  4.6
Armour         | 4 |  4.1
Dodging        | |  0.4
Shields        | |  3.8

Action                   |  1- 3 |  4- 6 || total
-------------------------+-------+-------++-------
Melee: War axe           |    45 |   131 ||   176
  Use: Potion            |     2 |       ||     2
       Scroll            |     1 |       ||     1
  Eat: Fruit             |       |     3 ||     3
Armor: Scale mail        |    35 |    38 ||    73
       Chain mail        |       |    25 ||    25
Dodge: Dodged            |    17 |    38 ||    55
Block: Shield            |    31 |    61 ||    92
